 Dungeon Crawl Stone Soup version 0.31-a0-875-g02e7d12df6 (webtiles) character file.

Game seed: 5210244509209996767

239404 Strat the Warrior (level 20, -22/213 HPs)
             Began as a Kobold Fighter on Oct 5, 2023.
             Was the Champion of Okawaru.
             Annihilated by a rockslime (37 damage)
             ... created by the Royal Jelly
             ... in the Arena on Oct 12, 2023.
             The game lasted 02:11:54 (50309 turns).

Strat the Warrior (Kobold Fighter)                 Turns: 50309, Time: 02:11:54

Health: -22/213    AC: 18    Str: 13    XL:     20   Next: 6%
Magic:  19/27      EV: 26    Int: 18    God:    Okawaru [******]
Gold:   3413       SH:  9    Dex: 17    Spells: 14/19 levels left

rFire   . . .        a - +9 demon blade (elec)
rCold   + + .        c - +0 buckler
rNeg    . . .        P - +2 ring mail {Will+}
rPois   +            G - +2 helmet
rElec   .            Z - +2 cloak of Sunlight {rPois}
rCorr   +            q - +0 pair of gloves
SInv    .            J - +3 pair of mountain boots {steadfast, rC+}
Will    ++...        X - amulet of the acrobat Stlth
                     d - ring of protection from cold
HPRegen 0.55/turn    m - ring of the Octopus King {rCorr HP+2 AC+2 EV+2 SH+2}
MPRegen 0.20/turn

%: acrobat
@: mighty, berserking (expiring), heroic, corroded, hasted, duelling, very quick
A: small, no large weapons, nightstalker 3, talons 1, clever 2, clumsy 1, no
potion heal 1, MP-powered wands
}: 2/15 runes: decaying, gossamer
a: Renounce Religion, Heroism, Finesse, Duel


You were in the Arena.
You worshipped Okawaru.
Okawaru was exalted by your worship.
You visited 9 branches of the dungeon, and saw 38 of its levels.
You also visited: Bailey and Gauntlet.

You collected 3882 gold pieces.
You spent 469 gold pieces at shops.

Inventory:

Hand Weapons
 a - a +9 demon blade of electrocution (weapon)
 b - the +8 sling of Secac {freeze, +Blink Str+3}
   (You took it off an orc on level 4 of the Dungeon)

   Str+3:     It affects your strength (+3).
   +Blink:    It lets you blink.
Missiles
 l - 3 throwing nets
 C - 15 curare-tipped darts
 E - 5 datura-tipped darts (quivered)
 N - 2 atropa-tipped darts
Armour
 c - a +0 buckler (worn)
 q - a +0 pair of gloves (worn)
 G - a +2 helmet (worn)
 J - the +3 pair of mountain boots (worn) {steadfast, rC+}
   (You found it on level 14 of the Dungeon)

   Steadfast: It prevents involuntary movement, except for blinking,
   teleportation, or banishment.
   rC+:       It protects you from cold.
 P - a +2 ring mail of willpower (worn)
 Z - the +2 cloak of Sunlight (worn) {rPois}
   (You found it on level 4 of the Spider Nest)

   rPois:     It protects you from poison
Jewellery
 d - a ring of protection from cold (left hand)
 j - an amulet of reflection
 m - a ring of the Octopus King (right hand) {rCorr HP+2 AC+2 EV+2 SH+2}
   (You acquired it on level 8 of the Dungeon)

   [ring of resist corrosion]

   AC+2:      It affects your AC (+2).
   EV+2:      It affects your evasion (+2).
   HP+2:      It affects your health (+2).
   rCorr:     It protects you from acid and corrosion.
   SH+2:      It affects your SH (+2).
 t - a ring of flight
 F - a ring of protection from fire
 X - an amulet of the acrobat (around neck)
Wands
 e - a wand of roots (17)
 v - a wand of flame (116)
 x - a wand of digging (16)
 y - a wand of paralysis (27)
 I - a wand of mindburst (15)
 Q - a wand of quicksilver (4)
 S - a wand of polymorph (19)
Scrolls
 f - 3 scrolls of fog
 k - 7 scrolls of poison
 o - a scroll of teleportation
 p - a scroll of silence
 w - 3 scrolls of fear
 A - 4 scrolls of enchant armour
 H - 2 scrolls of enchant weapon
 K - 4 scrolls of identify
Potions
 h - 2 potions of cancellation
 i - 5 potions of ambrosia
 s - 5 potions of heal wounds
 u - 9 potions of curing
 z - 4 potions of brilliance
 B - 3 potions of magic
 D - 3 potions of mutation
 L - 3 potions of lignification
 W - 3 potions of haste
Miscellaneous
 g - a condenser vane


   Skills:
 + Level 20.2(25.2) Fighting
 - Level 14.0(19.0) Long Blades
 - Level 9.1(14.1) Throwing
 - Level 9.8(14.8) Armour
 - Level 15.0(20.0) Dodging
 - Level 10.0(15.0) Stealth
 - Level 5.0(10.0) Shields
 - Level 7.0 Translocations
 - Level 10.0 Invocations
 + Level 10.4 Evocations


You had 14 spell levels left.
You knew the following spells:

 Your Spells              Type           Power      Damage    Failure   Level
a - Apportation           Tloc           50%        N/A       2%          1
b - Blink                 Tloc           50%        N/A       4%          2
c - Lesser Beckoning      Tloc           50%        N/A       4%          2

Your spell library contained the following spells:

 Spells                   Type           Power      Damage    Failure   Level
 Momentum Strike          Conj/Tloc      24%        3d8       17%         2
 Manifold Assault         Tloc           25%        N/A       26%         4
 Foxfire                  Conj/Fire      0%         2x1d4     43%         1
 Freeze                   Ice            0%         1d3       43%         1
 Kiss of Death            Conj/Necr      0%         2d5       43%         1
 Magic Dart               Conj           0%         1d3       43%         1
 Necrotise                Necr           0%         1d4       43%         1
 Sandblast                Erth           0%         2d4       43%         1
 Slow                     Hex            0%         N/A       43%         1
 Cigotuvi's Dreadful Rot  Necr/Pois/Air  0%         N/A       56%         2
 Passwall                 Tmut/Erth      0%         N/A       56%         2
 Searing Ray              Conj           0%         2d4       56%         2
 Dimensional Bullseye     Hex/Tloc       6%         N/A       73%         4
 Iskenderun's Mystic Bla  Conj/Tloc      12%        2d5       73%         4
 Confusing Touch          Hex            0%         N/A       80%         3
 Frozen Ramparts          Ice            0%         1d1       80%         3
 Hailstorm                Conj/Ice       0%         3d3       80%         3
 Ozocubu's Armour         Ice            0%         N/A       80%         3
 Sigil of Binding         Hex            0%         N/A       80%         3
 Stone Arrow              Conj/Erth      0%         3d7       80%         3
 Vampiric Draining        Necr           0%         2d6       80%         3
 Brom's Barrelling Bould  Conj/Erth      0%         2d3       99%         4
 Dispel Undead            Necr           0%         3d6       99%         4
 Fulminant Prism          Conj/Hex       0%         3d5       99%         4
 Dispersal                Tloc           12%        N/A       99%         6
 Plasma Beam              Fire/Air       0%         2x1d10    100%        6
 Starburst                Conj/Fire      0%         6d3       100%        6
 Ozocubu's Refrigeration  Ice            0%         4d7       100%        7
 Disjunction              Tloc           12%        N/A       100%        8
 Summon Small Mammal      Summ           Unusable   N/A       N/A         1
 Tukima's Dance           Hex            Unusable   N/A       N/A         3
 Death Channel            Necr           Unusable   N/A       N/A         6

Dungeon Overview and Level Annotations

Branches:
Dungeon (15/15)            Temple (1/1) D:6            Lair (5/5) D:10
  Swamp (4/4) Lair:2       Spider (4/4) Lair:2        Slime (5/5) Lair:5
    Orc (2/2) D:9             Elf (1/3) Orc:2        Vaults (0/5) D:14
 Depths (1/4) D:15         Bailey (visited)         Gauntlet (visited)

Altars:
Ashenzari
Cheibriados
Dithmenos
Elyvilon
Fedhas
Gozag
Hepliaklqana
Kikubaaqudgha
Makhleb
Nemelex Xobeh
Okawaru
Qazlal
Ru
Sif Muna
Trog
Uskayaw
Vehumet
Wu Jian
Xom
Yredelemnul
Zin
The Shining One
Jiyva

Shops:
D:9 :   D:10 ?   D:13 (   D:14 (   D:15 ==   Orc:2 ?![(

Annotations:
Lair:4 exclusion: oklob plant
Swamp:4 Lernaean hydra, Roxanne
Elf:1 Louise Arena Royal Jelly


Innate Abilities, Weirdness & Mutations

You are small and have problems with some larger weapons.
You are completely attuned to the shadows.
You have sharp toenails.
Your mind is very acute. (Int +8, Str/Dex -2)
You are clumsy. (Dex -2)
Potions are less effective at restoring your health.
You expend magic power (3 MP) to strengthen your wands.


Message History

The acid corrodes you!
You are splashed with acid.
You resist.
* * * LOW HITPOINT WARNING * * *
You slice the Royal Jelly!!
Lightning courses through the Royal Jelly!
Your hands burn!
* * * LOW HITPOINT WARNING * * *
The Royal Jelly is almost dead.
The Royal Jelly shudders violently.
The Royal Jelly spits out three more jellies.
The rockslime jiggles.
The rockslime hits you!!
* * * LOW HITPOINT WARNING * * *
Your boots keep you from being knocked back.
You hold your ground!
The azure jelly hits you but does no damage. x2
The azure jelly barely misses you. The azure jelly completely misses you.
You block the rockslime's attack. The rockslime hits you!
* * * LOW HITPOINT WARNING * * *
Your boots keep you from being knocked back.
You hold your ground!
You are too berserk!
You are too berserk!
You slice the rockslime!!
The rockslime is heavily wounded.
You completely miss the rockslime.
The rockslime is heavily wounded.
The rockslime hits you!!
* * * LOW HITPOINT WARNING * * *
Your boots keep you from being knocked back.
You hold your ground!
The azure jelly hits you but does no damage. x2
The azure jelly hits you.
* * * LOW HITPOINT WARNING * * *
You block the azure jelly's attack. You block the rockslime's attack.
The rockslime completely misses you.
You slice the rockslime!!
The rockslime is almost dead.
The acid blob jiggles.
The rockslime hits you!!!
You die...

p▓▓...▓▓p
▓▓.....▓▓
▓..J....▓
..JJ.....
.JJJ@J...
..JJJJ...


▓JJJJJ..▓ ▓▓.JJ..▓▓ p▓▓...▓▓p You could see the Royal Jelly, 3 acid blobs, 4
azure jellies, 6 rockslimes and 4 quicksilver oozes.

Vanquished Creatures
  6 acid blobs
  Kirke (Swamp:4)
  3 thorn hunters
  Agnes (Elf:1)
  3 rockslimes
  4 azure jellies
  6 emperor scorpions
  5 ghost moths
  A deep elf sorcerer (Elf:1)
  2 broodmothers (Spider:3)
  5 eleionomae
  Azrael (D:15)
  A minotaur (Gauntlet)
  8 bunyips
  7 spark wasps
  2 entropy weavers (Spider:1)
  A shambling mangrove (Swamp:2)
  A great orb of eyes (Slime:5)
  22 hydras
  Fannar (Orc:1)
  2 ogre magi (Orc:2)
  A catoblepas (D:15)
  Erica (D:11)
  2 ghost crabs
  11 two-headed ogres
  11 boulder beetles
  3 centaur warriors
  3 alligators
  A death knight (D:14)
  4 radroaches
  A jorogumo (Spider:3)
  A dancing weapon (Elf:1)
  8 demonic crawlers
  5 death yaks
  Urug (Lair:5)
  2 deep elf knights (Elf:1)
  Sonja (D:11)
  A fire crab (Gauntlet)
  Nergalle (D:11)
  Amaemon (Lair:1)
  A skeletal warrior (D:14)
  2 goliath frogs
  4 pharaoh ants
  2 sun moths
  4 spriggan druids
  2 deep trolls
  17 bog bodies
  A deep elf archer (Elf:1)
  10 orb spiders
  4 steelbarb worms
  9 swamp dragons
  2 wizards
  2 deep elf zephyrmancers (Elf:1)
  A phantasmal warrior (D:14)
  16 wolf spiders
  5 deep elf pyromancers
  4 oklob plants
  A manticore (D:13)
  A salamander (shapeshifter) (D:14)
  2 orc sorcerers
  4 orc knights
  18 ugly things
  7 shining eyes
  A salamander (D:15)
  9 cyclopes
  2 moths of wrath
  3 elephants (Lair:4)
  5 black mambas
  8 torpor snails
  An unseen horror (D:11)
  2 eyes of devastation (Slime:5)
  An orange demon (Lair:1)
  12 cane toads
  3 freezing wraiths
  2 rime drakes
  3 tengu conjurers (D:15)
  13 komodo dragons
  An ice devil (D:11)
  9 trolls
  A hellwing (D:11)
  A merfolk (D:15)
  A queen bee (shapeshifter) (D:13)
  9 meliai
  12 tyrant leeches
  2 polar bears (Lair:5)
  19 tarantellas
  7 dream sheep (Lair:5)
  26 hornets
  A raiju (shapeshifter) (D:14)
  14 blink frogs
  26 slime creatures
  24 culicivoras
  18 spriggans
  27 jumping spiders
  3 ynoxinuls (D:9)
  9 wyverns
  3 shadows
  3 fire elementals
  A hog (Swamp:4)
  2 water elementals (Elf:1)
  3 fire bats (Gauntlet)
  3 wraiths
  2 humans (Swamp:4)
  31 yaks
  6 vampire mosquitoes (Swamp:2)
  5 golden eyes (Slime:1)
  6 basilisks
  2 steam dragons
  50 redbacks
  18 swamp worms
  A warg (Orc:1)
  10 water moccasins
  An acid dragon (D:10)
  3 hell hounds (D:15)
  A floating eye (shapeshifter) (D:15)
  10 swamp drakes
  14 orc warriors
  A sky beast (D:6)
  6 black bears
  22 ogres
  27 wolves (Lair:5)
  5 boggarts (Lair:5)
  11 centaurs
  3 phantoms
  3 kobold brigands
  10 bullfrogs
  An earth elemental (Elf:1)
  A gnoll sergeant (D:10)
  7 scorpions
  7 wights (D:9)
  A troll zombie (D:9)
  20 killer bees
  4 electric eels
  3 howler monkeys
  A lava snake (D:8)
  3 quasits (D:11)
  3 hounds
  A jelly (D:5)
  2 gnoll boudas
  6 orc priests
  4 iguanas
  17 orc wizards
  2 sleepcaps
  5 ogre zombies (D:9)
  20 gnolls
  2 river rats (D:4)
  2 adders
  A shadow imp (D:11)
  4 white imps
  7 ufetubi
  3 worms
  2 dart slugs (D:1)
  65 orcs
  9 ball pythons
  8 bats
  11 endoplasms
  6 giant cockroaches
  10 goblins
  11 hobgoblins
  13 jackals
  37 kobolds
  8 quokkas
  6 frilled lizards
  2 goblin skeletons (D:9)
  2 goblin zombies (D:9)
  2 hobgoblin skeletons (D:9)
  A hobgoblin zombie (D:9)
  11 orc zombies (D:9)
  4 rats
  A lurking horror (Slime:4)
1135 creatures vanquished.

Vanquished Creatures (collateral kills)
  An orb spider (Spider:4)
1 creature vanquished.

Vanquished Creatures (others)
  A hydra (Swamp:4)
  A swamp dragon (Swamp:4)
  4 bloated husks
  A tarantella (Spider:4)
  A hornet (Swamp:1)
  A redback (Spider:4)
  An orc wizard (D:4)
  An orc zombie (D:9)
11 creatures vanquished.

Grand Total: 1147 creatures vanquished

Notes
Turn   | Place    | Note
-------+----------+-------------------------------------------
     0 | D:1      | Strat the Kobold Fighter began the quest for the Orb.
     0 | D:1      | Reached XP level 1. HP: 14/14 MP: 1/1
    97 | D:1      | Reached XP level 2. HP: 12/19 MP: 2/2
   358 | D:1      | Reached XP level 3. HP: 20/23 MP: 3/3
  1264 | D:2      | Reached XP level 4. HP: 28/28 MP: 4/4
  2229 | D:3      | Found a shimmering altar of Xom.
  2232 | D:3      | Found a white marble altar of Elyvilon.
  2232 | D:3      | Found a snail-covered altar of Cheibriados.
  2241 | D:3      | Found a shadowy altar of Dithmenos.
  2337 | D:3      | Reached XP level 5. HP: 32/32 MP: 5/5
  3045 | D:4      | Reached XP level 6. HP: 20/33 MP: 6/6
  3068 | D:4      | Reached skill level 5 in Long Blades
  3228 | D:4      | Noticed a black bear
  3363 | D:4      | Reached skill level 1 in Dodging
  3630 | D:4      | Noticed an ogre
  3647 | D:4      | Killed an ogre
  3648 | D:4      | Reached skill level 4 in Fighting
  3648 | D:4      | Reached XP level 7. HP: 43/43 MP: 7/7
  3751 | D:4      | Identified the +8 sling of Secac {freeze, +Blink Str+3}
  3757 | D:4      | Gained mutation: You expend magic power (3 MP) to
                  | strengthen your wands. [potion of mutation]
  3908 | D:4      | Found a bloodstained altar of Trog.
  4260 | D:5      | Entered Level 5 of the Dungeon
  4543 | D:5      | Reached skill level 5 in Fighting
  4543 | D:5      | Reached XP level 8. HP: 28/49 MP: 8/8
  5001 | D:6      | Reached skill level 5 in Dodging
  5056 | D:6      | Found a staircase to the Ecumenical Temple.
  5080 | Temple   | Entered the Ecumenical Temple
  5083 | Temple   | Learned a level 1 spell: Apportation
  5086 | Temple   | Learned a level 2 spell: Blink
  5210 | D:6      | Reached skill level 6 in Fighting
  5437 | D:6      | Reached XP level 9. HP: 47/55 MP: 9/9
  5599 | D:6      | Found a sparkling altar of Nemelex Xobeh.
  7014 | D:8      | Reached XP level 10. HP: 57/60 MP: 10/10
  7244 | D:8      | Reached skill level 10 in Long Blades
  7298 | D:8      | Found a flagged portal.
  7307 | Bailey   | Entered a bailey
  7383 | Bailey   | Noticed an orc warlord
  7664 | Bailey   | Found a runed translucent gate.
  7664 | Bailey   | Found a runed translucent gate.
  7686 | Bailey   | Found a runed translucent gate.
  7966 | Bailey   | Identified the +0 spear "Vofil" {vamp, rF+ Dex+2}
  7981 | D:8      | Acquired a ring of the Octopus King {rCorr HP+2 AC+2 EV+2
                  | SH+2}
  7981 | D:8      | Found the ring of the Octopus King {rCorr HP+2 AC+2 EV+2
                  | SH+2}
  8043 | D:8      | Reached skill level 7 in Fighting
  8254 | D:8      | Found a burning altar of Makhleb.
  8254 | D:8      | Found an iron altar of Okawaru.
  8260 | D:8      | Became a worshipper of Warmaster Okawaru
  8683 | D:8      | Found an opulent altar of Gozag.
  9782 | D:9      | Noticed a two-headed ogre
  9856 | D:9      | Reached * piety under Okawaru
  9870 | D:9      | Killed a two-headed ogre
  9870 | D:9      | Reached ** piety under Okawaru
  9871 | D:9      | Reached skill level 8 in Fighting
  9871 | D:9      | Reached XP level 11. HP: 15/68 MP: 2/11
 10280 | D:9      | Paralysed by a hornet for 3 turns
 10304 | D:9      | Found a staircase to the Orcish Mines.
 10711 | D:9      | Reached skill level 9 in Fighting
 10802 | D:9      | Found Zaacug's Self-Published Books.
 11331 | D:10     | Entered Level 10 of the Dungeon
 11449 | D:10     | Reached *** piety under Okawaru
 11843 | D:10     | Found a staircase to the Lair.
 11871 | D:10     | Noticed a death yak
 11872 | D:10     | Noticed a death yak
 12007 | D:10     | Found Hiorchom's Magic Scroll Shop.
 12011 | D:10     | Bought a scroll of teleportation for 48 gold pieces
 12011 | D:10     | Bought a scroll of enchant armour for 120 gold pieces
 12044 | D:10     | Noticed a death yak
 12074 | D:10     | Killed a death yak
 13566 | D:11     | Noticed Nergalle
 13624 | D:11     | Noticed a two-headed ogre
 13852 | D:10     | HP: 1/74 [hornet (8)]
 13855 | D:10     | Reached **** piety under Okawaru
 13856 | D:10     | Reached skill level 10 in Fighting
 13856 | D:10     | Reached skill level 10 in Dodging
 14049 | D:11     | Noticed a cyclops
 14051 | D:11     | Noticed Erica
 14246 | D:10     | Killed a death yak
 14247 | D:10     | Reached XP level 12. HP: 39/77 MP: 5/12
 14393 | D:10     | Killed a death yak
 14535 | D:11     | Killed a two-headed ogre
 14536 | D:11     | Reached skill level 1 in Invocations
 14819 | D:11     | Reached ***** piety under Okawaru
 15055 | D:11     | Noticed Sonja
 15060 | D:11     | Killed Sonja
 15162 | D:11     | Noticed a boulder beetle
 15173 | D:11     | Killed a boulder beetle
 15417 | D:11     | Killed Nergalle
 15627 | D:11     | Killed Erica
 15628 | D:11     | Reached skill level 5 in Invocations
 16079 | D:12     | Noticed a two-headed ogre
 16097 | D:12     | Killed a two-headed ogre
 16265 | D:12     | Found a broken altar of Ashenzari.
 17392 | D:13     | Noticed a centaur warrior
 17400 | D:13     | Killed a centaur warrior
 17640 | D:13     | Reached XP level 13. HP: 59/82 MP: 10/18
 18315 | D:13     | Found Nyimowic's Antique Weapon Shop.
 18402 | D:15     | Entered Level 15 of the Dungeon
 18562 | Orc:1    | Entered Level 1 of the Orcish Mines
 18579 | Orc:1    | Noticed Fannar
 18617 | Orc:1    | Killed Fannar
 18617 | Orc:1    | Received a gift from Okawaru
 18781 | Orc:2    | Entered Level 2 of the Orcish Mines
 19332 | Orc:2    | Noticed an ogre mage
 19334 | Orc:2    | Paralysed by an ogre mage for 2 turns
 19345 | Orc:2    | Killed an ogre mage
 19346 | Orc:2    | Reached skill level 1 in Stealth
 19346 | Orc:2    | Reached skill level 1 in Evocations
 19529 | Orc:1    | Reached skill level 5 in Shields
 19712 | Orc:2    | Received a gift from Okawaru
 19728 | Orc:2    | Noticed an ogre mage
 19921 | Orc:2    | Paralysed by an ogre mage for 2 turns
 19925 | Orc:2    | Killed an ogre mage
 20032 | Orc:2    | Reached skill level 5 in Stealth
 20185 | Orc:2    | Reached skill level 5 in Evocations
 20240 | Orc:2    | Reached XP level 14. HP: 10/88 MP: 1/20
 20831 | Orc:2    | Received a gift from Okawaru
 21037 | Orc:2    | Found a staircase to the Elven Halls.
 21168 | Orc:2    | Found Waq Umey's Magic Scroll Emporium.
 21173 | Orc:2    | Bought a scroll of teleportation for 51 gold pieces
 21173 | Orc:2    | Found Maoklim's Armour Emporium.
 21188 | Orc:2    | Found Vefisint's Antique Weapon Boutique.
 21193 | Orc:2    | Found Ighil's Distillery.
 21198 | Orc:2    | Bought a potion of heal wounds for 50 gold pieces
 21198 | Orc:2    | Bought a potion of resistance for 100 gold pieces
 21198 | Orc:2    | Bought a potion of haste for 100 gold pieces
 22099 | D:14     | Found Azesom Doeb's Weapon Shoppe.
 22541 | D:14     | Reached skill level 10 in Evocations
 22900 | D:14     | Received a gift from Okawaru
 23835 | D:14     | Found the +3 pair of mountain boots {steadfast, rC+}
 24077 | D:14     | Reached skill level 11 in Fighting
 24081 | D:14     | Received a gift from Okawaru
 24595 | D:14     | Found a gate to the Vaults.
 25355 | D:15     | Reached skill level 5 in Armour
 25685 | D:15     | Noticed Azrael
 25886 | D:15     | Found Yrchoh's Jewellery Shoppe.
 25979 | D:15     | Found a staircase to the Depths.
 26178 | D:15     | Reached XP level 15. HP: 93/96 MP: 19/21
 26601 | D:15     | Received a gift from Okawaru
 26602 | D:15     | Reached skill level 12 in Fighting
 26865 | D:15     | Found Zasaops's Jewellery Shoppe.
 26969 | D:15     | Found a shimmering blue altar of Sif Muna.
 27036 | D:15     | Killed Azrael
 27181 | Depths:1 | Entered Level 1 of the Depths
 27181 | Depths:1 | Noticed a red very ugly thing
 27181 | Depths:1 | Noticed a red very ugly thing
 27181 | Depths:1 | Noticed a red very ugly thing
 27181 | Depths:1 | Noticed a red very ugly thing
 27556 | Elf:1    | Entered Level 1 of the Elven Halls
 27769 | Elf:1    | Reached skill level 1 in Translocations
 28332 | Elf:1    | Noticed Louise
 28428 | Elf:1    | Noticed Agnes
 28439 | Elf:1    | Noticed a deep elf sorcerer
 28446 | Elf:1    | Killed a deep elf sorcerer
 28517 | Elf:1    | Killed Agnes
 29555 | Lair:1   | Entered Level 1 of the Lair of Beasts
 29685 | Lair:1   | Reached skill level 13 in Fighting
 29820 | Lair:1   | Found a gate leading to a gauntlet.
 29829 | Gauntlet | Entered a Gauntlet
 29834 | Gauntlet | Found a transporter.
 29875 | Gauntlet | Found a transporter.
 29904 | Gauntlet | Found a transporter.
 29911 | Gauntlet | Found a transporter.
 29911 | Gauntlet | Found a transporter.
 29925 | Gauntlet | Found a transporter.
 29966 | Gauntlet | Found a transporter.
 29966 | Gauntlet | Found a transporter.
 29980 | Gauntlet | Found a transporter.
 30564 | Lair:1   | Received a gift from Okawaru
 30672 | Lair:1   | Noticed Amaemon
 30697 | Lair:1   | Killed Amaemon
 31795 | Lair:2   | Learned a level 2 spell: Lesser Beckoning
 32132 | Lair:2   | Found a hole to the Spider Nest.
 32215 | Lair:2   | Acquired 533 gold pieces
 32223 | Lair:2   | Found a transporter.
 32226 | Lair:2   | Found a transporter.
 32390 | Lair:2   | Found a staircase to the Swamp.
 32867 | Lair:3   | Reached skill level 5 in Translocations
 33241 | Lair:3   | Received a gift from Okawaru
 33671 | Lair:4   | Reached XP level 16. HP: 98/105 MP: 22/22
 33721 | Lair:4   | Identified the +3 quarterstaff of Jijipr Efre {vamp, MP+9
                  | SInv}
 33963 | Lair:4   | Reached skill level 14 in Fighting
 34168 | Lair:4   | Identified the orb of the Merwolf {guile, rN+ rCorr}
 34428 | Lair:4   | Identified the +8 great sword "Uhomus" {spect, Str+2}
 34745 | Lair:5   | Entered Level 5 of the Lair of Beasts
 34883 | Lair:5   | Received a gift from Okawaru
 34914 | Lair:5   | Identified the amulet "Bogir" {Harm Regen+ Dex+2}
 35259 | Lair:5   | Noticed Urug
 35363 | Lair:5   | Killed Urug
 35581 | Lair:5   | Found a viscous altar of Jiyva.
 35582 | Lair:5   | Found a staircase to the Slime Pits.
 36086 | Lair:5   | Reached skill level 1 in Throwing
 36162 | Lair:5   | Reached ****** piety under Okawaru
 36165 | Lair:5   | Acquired a +1 demon blade of pain
 36165 | Lair:5   | Received a gift from Okawaru
 36166 | Lair:5   | Acquired the +0 cloak of Ympolytu {Regen+ Dex+2}
 36166 | Lair:5   | Received a gift from Okawaru
 36329 | Lair:5   | Paralysed by a hornet for 3 turns
 36932 | Swamp:1  | Entered Level 1 of the Swamp
 36961 | Swamp:1  | Reached skill level 15 in Fighting
 37128 | Swamp:1  | Received a gift from Okawaru
 37659 | Swamp:1  | Reached skill level 5 in Throwing
 37859 | Swamp:2  | Received a gift from Okawaru
 37860 | Swamp:2  | Reached XP level 17. HP: 113/113 MP: 23/23
 38537 | Swamp:2  | Reached skill level 15 in Dodging
 38602 | Swamp:3  | Noticed a thorn hunter
 38722 | Swamp:3  | Received a gift from Okawaru
 38888 | Swamp:3  | Noticed a thorn hunter
 38898 | Swamp:3  | Killed a thorn hunter
 38959 | Swamp:3  | Reached skill level 16 in Fighting
 39320 | Swamp:3  | Killed a thorn hunter
 39382 | Swamp:4  | Entered Level 4 of the Swamp
 39628 | Swamp:4  | Received a gift from Okawaru
 39741 | Swamp:4  | Reached skill level 17 in Fighting
 39811 | Swamp:4  | Noticed a thorn hunter
 39832 | Swamp:4  | Noticed Kirke
 39838 | Swamp:4  | Noticed Roxanne
 39923 | Swamp:4  | Killed a thorn hunter
 40284 | Swamp:4  | Received a gift from Okawaru
 40297 | Swamp:4  | Killed Kirke
 40298 | Swamp:4  | Reached skill level 18 in Fighting
 40429 | Swamp:4  | Reached XP level 18. HP: 103/125 MP: 24/24
 40717 | Swamp:4  | Noticed the 27-headed Lernaean hydra
 40825 | Swamp:4  | Got a decaying rune of Zot
 40959 | Lair:2   | Upgraded the game from 0.31-a0-851-g7ff8af7976 to
                  | 0.31-a0-875-g02e7d12df6
 41003 | Spider:1 | Entered Level 1 of the Spider Nest
 41180 | Spider:1 | Received a gift from Okawaru
 41326 | Spider:1 | Reached skill level 19 in Fighting
 42577 | Spider:2 | Received a gift from Okawaru
 43890 | Spider:3 | Received a gift from Okawaru
 44317 | Spider:3 | Reached XP level 19. HP: 129/131 MP: 26/26
 44652 | Spider:3 | Reached skill level 10 in Invocations
 44975 | Spider:4 | Entered Level 4 of the Spider Nest
 45540 | Spider:4 | Identified the +2 cloak of Sunlight {rPois}
 45609 | Spider:4 | Reached skill level 10 in Stealth
 45691 | Spider:4 | Received a gift from Okawaru
 45836 | Spider:4 | Reached skill level 20 in Fighting
 46837 | Spider:4 | Received a gift from Okawaru
 46875 | Spider:4 | Got a gossamer rune of Zot
 47254 | Slime:1  | Entered Level 1 of the Pits of Slime
 47326 | Slime:1  | Gained mutation: You are weak. (Str -2) [a shining eye]
 47624 | Slime:2  | Gained mutation: You passively dampen the noise of your
                  | surroundings. [a shining eye]
 47631 | Slime:2  | Gained mutation: You occasionally lose the ability to drink
                  | potions when taking damage. [a shining eye]
 47634 | Slime:1  | Gained mutation: You sometimes lose your temper in combat.
                  | [a shining eye]
 47635 | Slime:1  | Gained mutation: You are frail. (-10% HP) [a shining eye]
 48251 | Slime:1  | Lost mutation: You occasionally lose the ability to drink
                  | potions when taking damage. [potion of mutation]
 48251 | Slime:1  | Lost mutation: You are frail. (-10% HP) [potion of
                  | mutation]
 48251 | Slime:1  | Gained mutation: You have sharp toenails. [potion of
                  | mutation]
 48251 | Slime:1  | Gained mutation: Potions are less effective at restoring
                  | your health. [potion of mutation]
 48910 | Slime:3  | Lost mutation: You passively dampen the noise of your
                  | surroundings. [potion of mutation]
 48910 | Slime:3  | Lost mutation: You are weak. (Str -2) [potion of mutation]
 48910 | Slime:3  | Lost mutation: You sometimes lose your temper in combat.
                  | [potion of mutation]
 48910 | Slime:3  | Gained mutation: Your mind is acute. (Int +4, Str/Dex -1)
                  | [potion of mutation]
 48910 | Slime:3  | Gained mutation: You possess an exceptional clarity of
                  | mind. [potion of mutation]
 48910 | Slime:3  | Gained mutation: Your mind is very acute. (Int +8, Str/Dex
                  | -2) [potion of mutation]
 48915 | Slime:5  | Entered Level 5 of the Pits of Slime
 49426 | Slime:5  | Received a gift from Okawaru
 49874 | Slime:5  | Reached XP level 20. HP: 140/140 MP: 27/27
 49988 | Slime:5  | Lost mutation: You possess an exceptional clarity of mind.
                  | [a shining eye]
 50002 | Slime:5  | Gained mutation: You are clumsy. (Dex -2) [a shining eye]
 50288 | Slime:5  | Noticed the Royal Jelly
 50296 | Arena    | Entered the Arena
 50309 | Arena    | Annihilated by a rockslime

Illustrated notes

Levels and vault maps discovered:
D:1:      giann_horns, layout_loops_ring, kennysheep_decorative_pillar,
          minmay_box_of_dots
D:2:      layout_loops_ring, minmay_tiny_reverse_x
D:3:      layout_loops_ring, nicolae_overflow_quartered_altars,
          kennysheep_generic_room_8
D:4:      layout_loops_ring, trog_butcher_becter, gup_sewer_entry_bubbles
D:5:      layout_rooms, mrwooster_statue_mirror
D:6:      layout_cave_pools, nemelex_dance_club_becter, minmay_temple_entry_grid
D:7:      layout_basic
D:8:      layout_basic, nicolae_overflow_two_pavilions, grunt_gozag_breadcrumbs,
          enter_bailey_3, minmay_misc_feat_room
D:9:      layout_roguey, zombieorc1_lemuel, nicolae_custom_books,
          serial_bayou_lagoon_a, nicolae_fort_ynox
D:10:     hellmonk_destroyed_diamonds, layout_basic, dpeg_lair_monsters,
          serial_shops, shop
D:11:     layout_irregular_city, grunt_decor_arrowhead,
          nicolae_demonic_statue_gallery, uniq_sonja, uniq_erica, uniq_nergalle
D:12:     layout_irregular_city, evilmike_ruin_ashenzari
D:13:     layout_loops_ring, serial_shops, shop
D:14:     layout_layer_cave, david_vaults_4, serial_shops,
          nicolae_shop_back_alley_shop
D:15:     hangedman_depths_entry_try_elsewhere_first, layout_irregular_city,
          nicolae_benzene_ring, grunt_ministairs_5, nicolae_inconvenience_store,
          minmay_shop_enchanted_jewellery, led_sif_pool, uniq_azrael
Temple:   dshaligram_water_room_temple
Lair:1:   layout_long_grid, gauntlet_entry_generic, grunt_megastairs_3,
          uniq_amaemon
Lair:2:   gammafunk_boulding_lane, layout_gridlike,
          nicolae_swamp_entry_splash_gauntlet, nicolae_spider_entry_non_spiders,
          columned_hall_lemuel, nicolae_quartered_pool_medium
Lair:3:   layout_misc_corridors
Lair:4:   layout_cave_shapes, minmay_lair_oklob_bushes, lemuel_fruit_tree
Lair:5:   minmay_lair_end_enchanted_forest, layout_loops_ring,
          minmay_slime_entry_oklob_open, wad_woods_06, uniq_urug
Swamp:1:  layout_basic_swamp, evilmike_swamp_ruin_house_2
Swamp:2:  layout_falls_marsh, evilmike_swamp_ruin_house_1, swamp_pool1,
          infiniplex_staircase_pool_2
Swamp:3:  layout_basic_swamp, evilmike_swamp_ruin_house_3
Swamp:4:  grunt_swamp_rune_castle, layout_basic_swamp, swamp_pool5,
          uniq_roxanne, uniq_kirke
Spider:1: layout_spider_delve, nicolae_spider_twisty_arc_passages
Spider:2: nicolae_spider_hilbert_zone_4 [nicolae_spider_hilbert_4_sides_2_open,
          nicolae_spider_hilbert_4_sides_1_open,
          nicolae_spider_hilbert_4_sides_1_open,
          nicolae_spider_hilbert_4_sides_1_open,
          nicolae_spider_hilbert_4_sides_1_open,
          nicolae_spider_hilbert_2_sides_1_open,
          nicolae_spider_hilbert_2_sides_1_open,
          nicolae_spider_hilbert_2_sides_1_open,
          nicolae_spider_hilbert_2_sides_1_open,
          nicolae_spider_hilbert_6_sides_1_open,
          nicolae_spider_hilbert_6_sides_1_open,
          nicolae_spider_hilbert_3_sides_1_open,
          nicolae_spider_hilbert_3_sides_1_open], dreamdust_wasp_nest
Spider:3: layout_spider_delve, nicolae_spider_paper_wasps,
          hangedman_spider_tarantella_strand
Spider:4: spider_rune_water
Slime:1:  layout_caves, cheibrodos_slime_lost_civilization_4
Slime:2:  layout_caves, basic_altar
Slime:3:  layout_caves
Slime:4:  layout_caves, amcnicky_altar_lugonu_corruption
Slime:5:  slime_pit_nicolae_royal_road_to_ruin
Orc:1:    layout_diamond_mine, uniq_fannar
Orc:2:    st_orc_open, layout_caves, lightli_orcish_oven
Elf:1:    layout_loops_corners, hangedman_corner_corridor, uniq_louise,
          uniq_agnes
Depths:1: layout_cave_shapes, ebering_ghost_rock_garden,
          nicolae_tso_swordbearing_angel, hell_entry,
          serial_sigils_hangedman_snap, minmay_shoptagon
Arena

Skill      XL: |  1  2  3  4  5  6  7  8  9 10 11 12 13 14 15 16 17 18 19 |
---------------+----------------------------------------------------------+-----
Long Blades    | 2 3 4 5 7 9 10 11 13 14 | 14.0
Dodging        | 2 3 5 7 10 12 14 15 | 15.0
Fighting       | 4 5 6 8 10 11 13 15 18 19 20 | 20.2
Invocations    | 6 8 9 10 | 10.0
Shields        | 3 5 |  5.0
Stealth        | 5 8 10 | 10.0
Evocations     | 5 10 | 10.4
Armour         | 5 6 7 9 |  9.8
Translocations | 5 7 |  7.0
Throwing       | 5 6 9 |  9.1

Action                     |  1- 3 |  4- 6 |  7- 9 | 10-12 | 13-15 | 16-18 | 19-21 || total
---------------------------+-------+-------+-------+-------+-------+-------+-------++-------
  Melee: Long sword        |   115 |   219 |    80 |    56 |       |       |       ||   470
         Scimitar          |       |       |       |   564 |  1219 |   733 |       ||  2516
         Demon blade       |       |       |       |       |       |   967 |   708 ||  1675
   Fire: Sling             |       |       |   175 |   239 |    55 |     7 |    11 ||   487
  Throw: Throwing net      |       |     1 |     2 |       |       |       |       ||     3
         Dart              |       |       |       |       |       |     5 |     3 ||     8
   Cast: Apportation       |       |       |       |       |       |     4 |       ||     4
         Blink             |       |       |       |       |       |     1 |       ||     1
 Invoke: Heroism           |       |       |       |     6 |    15 |     7 |     3 ||    31
         Receive Weapon    |       |       |       |       |       |     1 |       ||     1
         Receive Armour    |       |       |       |       |       |     1 |       ||     1
         Duel              |       |       |       |       |       |       |     1 ||     1
  Evoke: Wand              |       |       |       |     9 |     8 |     4 |     8 ||    29
         Condenser vane    |       |       |       |       |       |     2 |       ||     2
    Use: Scroll            |       |     8 |     5 |    14 |    12 |    18 |     3 ||    60
         Potion            |       |     6 |     4 |     5 |    21 |     9 |    13 ||    58
   Stab: Sleeping          |       |     1 |       |       |    17 |    37 |    10 ||    65
         Held in net/web   |       |     1 |       |       |       |       |       ||     1
         Distracted        |       |       |       |     1 |     2 |     7 |     3 ||    13
         Paralysed         |       |       |       |    10 |     5 |       |       ||    15
         Invisible         |       |       |       |       |    21 |       |       ||    21
         Petrifying        |       |       |       |       |     1 |       |       ||     1
 Armour: Scale mail        |    82 |   138 |   141 |   402 |   303 |       |       ||  1066
         Ring mail         |       |       |       |       |   245 |   156 |   108 ||   509
         Leather armour    |       |       |       |       |       |   207 |       ||   207
         Swamp dragon scal |       |       |       |       |       |   283 |   196 ||   479
  Dodge: Dodged            |    51 |   112 |   141 |   573 |   757 |  1696 |   628 ||  3958
  Block: Buckler           |    26 |    45 |    60 |   256 |   391 |   617 |   237 ||  1632

Table legend: (Time is in decaauts)
 A = Elapsed time spent in this place.
 B = Non-inter-level travel time spent in this place.
 C = Inter-level travel time spent in this place.
 D = Time resting spent in this place.
 E = Time spent auto-exploring this place.
 F = Levels seen in this place.
 G = Mean time per level.
                   A        B        C        D        E       F      G
               +--------+--------+--------+--------+--------+-----+--------+
         Total |  49936 |  47398 |   2538 |  10806 |  22639 |  41 | 1218.0 |
       Dungeon |  24052 |  22744 |   1308 |   4972 |  12509 |  15 | 1603.5 |
        Temple |     25 |     23 |      2 |      0 |      0 |   1 |   25.0 |
          Lair |   7214 |   6707 |    507 |    608 |   4158 |   5 | 1442.8 |
         Swamp |   4158 |   3965 |    193 |    386 |   1713 |   4 | 1039.5 |
   Spider Nest |   5772 |   5437 |    335 |    999 |   2549 |   4 | 1443.0 |
    Slime Pits |   2526 |   2526 |      0 |   1369 |      0 |   5 |  505.2 |
  Orcish Mines |   3224 |   3033 |    191 |   1557 |    671 |   2 | 1612.0 |
   Elven Halls |   1575 |   1575 |      0 |    500 |    691 |   1 | 1575.0 |
        Depths |      1 |      1 |      0 |      0 |      0 |   1 |    1.0 |
        Bailey |    725 |    725 |      0 |    140 |    204 |   1 |  725.0 |
      Gauntlet |    654 |    654 |      0 |    274 |    142 |   1 |  654.0 |
         Arena |      5 |      5 |      0 |      0 |      0 |   1 |    5.0 |
               +--------+--------+--------+--------+--------+-----+--------+

Top non-repeatable levels by time:
    D:14: 3224 daAuts
    D:10: 3100 daAuts
  Lair:5: 2519 daAuts
   Orc:2: 2229 daAuts
     D:9: 2007 daAuts
    D:15: 1970 daAuts
     D:8: 1866 daAuts
    D:11: 1844 daAuts
  Lair:2: 1631 daAuts
Spider:4: 1586 daAuts
   Elf:1: 1575 daAuts
 Swamp:4: 1560 daAuts
    D:13: 1543 daAuts
     D:4: 1464 daAuts
Spider:3: 1457 daAuts
